Map: Kairos Junction LE

Players

FanTaSy

  • Race: Terran Terran
  • Spawn Location: 11:00

MaNa - Winner!

  • Race: Protoss Protoss
  • Spawn Location: 5:00

Event: IEM Season 13: Katowice (2019)

VOD

Have the link to the VOD?

Description

Time

  • Played on: Feb. 25, 2019, 4:30 a.m.
  • Length: 8:17

All games in this series

Show
View Real Time Build Order
Export as new Build Order

FanTaSy Terran 

Build Orders: Reaper Expand 

Get SALT Encoding   

  12  0:00  SCV  
  13  0:12  SCV  
  14  0:16  Supply Depot  
  14  0:25  SCV  
  15  0:38  SCV  
  15  0:40  Barracks  
  16  0:44  Refinery  
  16  0:50  SCV  
  17  1:02  SCV  
  18  1:14  SCV  
  19  1:26  Orbital Command  
  19  1:27  Reaper  
  20  1:40  Command Center  
  20  1:51  Supply Depot  
  20  1:53  SCV  
  22  2:05  Barracks Reactor, SCV  
  22  2:07  Refinery  
  22  2:17  SCV  
  22  2:21  Factory  
  23  2:29  SCV  
  23  2:41  Marine x2  
  23  2:42  SCV  
  26  2:52  Orbital Command  
  26  2:54  SCV  
  27  2:59  Marine x2  
  27  3:04  Factory Tech Lab  
  29  3:05  Starport  
  29  3:06  SCV  
  30  3:17  Marine x2  
  30  3:18  SCV  
  33  3:23  Cyclone  
  33  3:24  SCV  
  37  3:27  Supply Depot  
  37  3:30  SCV  
  38  3:35  Marine x2  
  38  3:39  SCV  
  41  3:42  SCV  
  41  3:43  Starport Tech Lab  
  41  3:47  Supply Depot  
  42  3:51  SCV  
  42  3:54  SCV  
  44  4:02  Raven  
  46  4:03  SCV  
  46  4:06  Barracks, SCV  
  49  4:10  Barracks, Marine x2  
  49  4:15  Bunker  
  49  4:16  SCV  
  51  4:22  SCV  
  52  4:24  Refinery  
  52  4:25  Engineering Bay  
  52  4:28  SCV  
  53  4:34  Marine x2, SCV  
  53  4:37  Supply Depot  
  56  4:40  SCV  
  57  4:46  SCV  
  57  4:52  SCV  
  58  4:57  Marine x2, Marauder  
  58  4:58  SCV  
  58  4:59  Starport Reactor  
  58  5:02  Stimpack  
  58  5:04  SCV  
  56  5:11  SCV  
  58  5:14  Marauder  
  58  5:15  Marine  
  58  5:16  SCV  
  58  5:23  SCV  
  58  5:27  Supply Depot  
  54  5:31  Combat Shield  
  54  5:35  Terran Infantry Weapons Level 1  
  54  5:39  SCV x2  
  54  5:42  Factory Reactor  
  56  5:47  Marine, Marauder x2  
  56  5:49  Marine  
  62  5:52  SCV x2  
  62  5:55  Medivac  
  66  5:58  Medivac  
  66  6:02  Supply Depot  
  68  6:04  Supply Depot  
  68  6:06  SCV  
  68  6:07  SCV  
  70  6:23  Marine  
  70  6:24  Widow Mine x2, Marauder, SCV  
  70  6:25  Supply Depot, SCV  
  78  6:26  Marauder  
  78  6:28  Medivac  
  83  6:38  Marine  
  84  6:41  Marine  
  84  6:43  Refinery, SCV  
  84  6:46  SCV  
  84  6:47  Marauder x2  
  89  6:48  Supply Depot  
  89  6:49  Widow Mine  
  89  6:50  Concussive Shells  
  93  6:56  Widow Mine  
  94  7:06  Marine  
  94  7:07  Marine  
  94  7:08  Marauder  
  90  7:09  Marauder  
  90  7:14  SCV  
  77  7:18  SCV  
  73  7:24  Marine  
  73  7:25  Marine  
  73  7:26  SCV  
  73  7:29  Widow Mine, Marauder  
  56  7:30  Marauder  
  53  7:39  Medivac  
  53  7:41  Marine  
  56  7:47  SCV x2  
  56  7:51  Marauder x2  
  57  7:53  Widow Mine  
Show
View Real Time Build Order
Export as new Build Order

MaNa Protoss - Winner!

Build Orders: 1 Gate Expand, Mass Adepts 

Get SALT Encoding   

  12  0:00  Probe  
  13  0:12  Probe  
  14  0:17  Pylon  
  14  0:23  Probe  
  15  0:32  Probe  
  15  0:39  Gateway  
  15  0:40  Probe  
  16  0:46  Assimilator  
  17  0:51  Probe  
  18  1:03  Probe  
  19  1:15  Probe  
  20  1:26  Cybernetics Core  
  20  1:33  Nexus  
  20  1:36  Probe  
  21  1:41  Pylon  
  21  1:48  Assimilator  
  21  1:49  Probe  
  21  1:52  Adept  
  22  2:01  Probe  
  25  2:12  Warp Gate  
  25  2:13  Probe  
  26  2:17  Adept  
  26  2:29  Probe  
  29  2:39  Twilight Council  
  29  2:41  Probe  
  29  2:42  Adept  
  30  2:45  Probe  
  33  2:53  Probe  
  33  2:55  Resonating Glaives  
  33  2:57  Probe  
  35  3:06  Gateway  
  35  3:08  Gateway  
  35  3:09  Probe  
  35  3:10  Probe  
  37  3:21  Probe  
  37  3:22  Probe  
  39  3:28  Pylon  
  39  3:33  Pylon  
  39  3:34  Probe x2  
  40  3:40  Pylon  
  41  3:46  Probe x2  
  43  3:55  Robotics Facility  
  43  4:00  Adept x2  
  47  4:04  Adept  
  47  4:05  Probe x2  
  47  4:07  Shield Battery  
  51  4:18  Probe x2  
  51  4:23  Assimilator, Adept x2  
  57  4:24  Adept  
  57  4:28  Shield Battery  
  57  4:30  Probe  
  61  4:31  Probe  
  61  4:40  Blink  
  61  4:43  Probe  
  61  4:44  Observer  
  64  4:47  Adept x2  
  64  4:48  Adept  
  69  4:57  Probe x2  
  69  5:09  Probe  
  69  5:13  Immortal  
  70  5:15  Pylon  
  70  5:19  Pylon  
  70  5:21  Sentry  
  64  5:34  Gateway  
  64  5:35  Gateway  
  64  5:36  Gateway  
  64  5:37  Gateway  
  64  5:40  Stalker x2  
  68  5:42  Immortal  
  68  5:43  Assimilator  
  68  5:49  Gateway  
  72  6:03  Adept x3  
  78  6:15  Probe x2  
  80  6:19  Observer  
  80  6:21  Warp Prism, Pylon  
  80  6:22  Pylon  
  82  6:30  Adept x2  
  86  6:37  Pylon  
  86  6:41  Stalker  
  86  6:42  Stalker x2, Sentry  
  86  6:46  Stalker  
  96  6:50  Stalker  
  85  7:18  Adept x7  
  72  7:38  Stalker  
  72  7:39  Stalker x5, Adept  
  74  8:03  Adept x7  

Tags
 
Add a new tag
Caveats
  • Supply blocks, unpowered buildings, or Contaminate may cause inaccurate times.
  • Supply counts are checked every 10 seconds.